 Dungeon Crawl Stone Soup version 0.31-a0-691-g409c26aa35 (webtiles) character file.

Game seed: 17908169575307121211

1508 lunkers the Martial Artist (level 9, 0/96 HPs)
             Began as a Meteoran Shapeshifter on Sept 6, 2023.
             Was a Believer of Okawaru.
             Slain by an orc
             ... wielding a +0 club
              (1 damage)
             ... on level 6 of the Dungeon.
             The game lasted 00:08:42 (2691 turns).

lunkers the Martial Artist (Meteoran Shapeshifter)  Turns: 2691, Time: 00:08:43

Health: 0/96       AC: 24    Str: 16    XL:     9   Next: 30%
Magic:  10/10      EV:  2    Int: 13    God:    Okawaru [**....]
Gold:   221        SH:  0    Dex: 17    Spells: 8/8 levels left

rFire   . .          .
                       - Unarmed
rCold   . . .        (no shield)
rNeg    . . .        a - melded +0 animal skin
rPois   +            k - melded +1 helmet
rElec   .            (cloak currently unavailable)
rCorr   .            (gloves currently unavailable)
SInv    .            e - melded +0 pair of boots
Will    +....        (no amulet)
Stlth   +            (no ring)
HPRegen 0.36/turn    (no ring)
MPRegen 0.12/turn

%: no passive effects
@: tree-form, glowing
A: stationary, stasis, torment immunity, boosted hp, sense surroundings 2,
otherworldly, glowing, explore regen
a: Renounce Religion, Heroism


You were on level 6 of the Dungeon.
You worshipped Okawaru.
Okawaru was pleased with you.
You were a tree.
You visited 1 branch of the dungeon, and saw 7 of its levels.

You collected 221 gold pieces.

Inventory:

Armour
 a - a +0 animal skin (melded)
 e - a +0 pair of boots (melded)
 k - a +1 helmet (melded)
Jewellery
 p - a ring of magical power
 r - a ring of ice
Talismans
 c - a beast talisman
 d - a flux talisman
 m - a granite talisman
Scrolls
 f - a scroll of torment
 g - a scroll of vulnerability
 i - a scroll of enchant armour
 q - 2 scrolls of identify
Potions
 j - 2 potions of mutation
 l - a potion of invisibility
 n - a potion of brilliance {unknown}


   Skills:
 - Level 1.1 Fighting
 - Level 2.1 Dodging
 * Level 11.0 Unarmed Combat
 + Level 7.7 Shapeshifting


You had 8 spell levels left.
You didn't know any spells.
Your spell library contained the following spells:

 Spells                   Type           Power      Damage    Failure   Level
 Blink                    Tloc           0%         N/A       43%         2
 Lesser Beckoning         Tloc           0%         N/A       43%         2
 Momentum Strike          Conj/Tloc      0%         3d8       43%         2
 Frozen Ramparts          Ice            0%         1d1       67%         3
 Volatile Blastmotes      Fire/Tloc      0%         2d10      67%         3
 Fulminant Prism          Conj/Hex       0%         3d5       97%         4
 Iskenderun's Mystic Bla  Conj/Tloc      0%         2d3       97%         4
 Petrify                  Tmut/Erth      0%         N/A       97%         4
 Fireball                 Conj/Fire      0%         3d3       100%        5
 Iskenderun's Battlesphe  Conj           0%         2d6       100%        5
 Metabolic Englaciation   Hex/Ice        0%         N/A       100%        5
 Conjure Ball Lightning   Conj/Air       0%         3x3d6     100%        6
 Orb of Destruction       Conj           0%         9d5       100%        7


Dungeon Overview and Level Annotations

Branches:
Dungeon (7/15) Zot: 1555
 Temple: D:4-7

Altars:
Okawaru
Vehumet
The Shining One

Annotations:
D:3 1 runed translucent door
D:4 2 transporters


Innate Abilities, Weirdness & Mutations

You are a tree.
Your roots penetrate the ground, keeping you stationary.
You cannot be teleported.
You are immune to unholy pain and torment.
Your maximum health is greatly increased.
Your equipment is partially melded.
You passively map the area around you.
You are easily found by Zot.
You glow in the dark.
You regain HP and MP as you explore.


Message History

Increase (S)trength, (I)ntelligence, or (D)exterity?
You feel agile. x2; You feel stronger.
Your attunement to dungeon structure grows.
You smack Maggie!
You punch Maggie.
Maggie is heavily wounded.
Maggie hits you but does no damage.
The orc priest mumbles some strange prayers to Beogh against you.
Beogh smites you!
* * * LOW HITPOINT WARNING * * *
You hit Maggie but do no damage.
Maggie is heavily wounded.
Maggie barely misses you. The orc hits you but does no damage.
You smack Maggie!
Maggie is severely wounded.
The orc hits you but does no damage. Maggie hits you with a +0 long sword.
* * * LOW HITPOINT WARNING * * *
Unknown command.
You pummel Maggie!!
You kill Maggie!
Okawaru is honoured by your kill. The orc barely misses you.
Your Unarmed Combat skill increases to level 11!
You barely miss the ice beast. The ice beast hits you.
* * * LOW HITPOINT WARNING * * *
The ice beast freezes you!
* * * LOW HITPOINT WARNING * * *
The orc hits you but does no damage.
You barely miss the ice beast.
Unknown command.
You closely miss the ice beast.
The ice beast hits you but does no damage.
The orc hits you but does no damage.
You hit the ice beast.
The ice beast is lightly wounded.
The ice beast barely misses you.
The orc priest invokes the aid of Beogh against you.
Beogh smites you!
* * * LOW HITPOINT WARNING * * *
The orc hits you with a +0 club.
You die...

,* * ,*, * * * *,
...#.#.# * ,* ..#.#.#
, , #,#.#.#.# * *
#.#...#.# # * *
....#.# ...
*#..#.###### , ,
.....####.........# ,
....{oo♣Y.).>.....#
,,....oh####.....[..#
, ,, ....o,
#........# , .... *
###.###### , ,.!. #.#
, ,..,, #.# , . ,*
#.# , , #.# * ,


You could see a black bear, an ice beast, 2 orc priests and 2 orcs.

Vanquished Creatures
  Maggie (D:6)
  2 sky beasts
  3 orc warriors (D:6)
  A centaur (D:5)
  A scorpion (D:4)
  2 howler monkeys
  A crimson imp (D:3)
  A hound (D:5)
  2 orc priests
  A sleepcap (D:4)
  3 iguanas
  3 orc wizards
  A mummy (D:4)
  Robin (D:3)
  13 adders
  A white imp (D:7)
  A worm (D:3)
  2 dart slugs (D:4)
  12 orcs
  A ball python (D:2)
  5 bats
  10 endoplasms
  3 giant cockroaches (D:1)
  13 goblins
  11 hobgoblins
  7 jackals
  5 quokkas
  3 frilled lizards
  2 goblin skeletons (D:3)
  A goblin zombie (D:3)
  6 hobgoblin zombies
  4 kobolds
  A kobold zombie (D:4)
  3 orc skeletons (D:3)
  2 orc zombies
  3 rats
132 creatures vanquished.

Notes
Turn   | Place    | Note
-------+----------+-------------------------------------------
     0 | D:1      | lunkers the Meteoran Shapeshifter began the quest for the
                  | Orb.
     0 | D:1      | Reached XP level 1. HP: 16/16 MP: 2/2
    94 | D:1      | Reached XP level 2. HP: 22/23 MP: 3/3
   106 | D:1      | Reached skill level 4 in Unarmed Combat
   199 | D:1      | Reached XP level 3. HP: 27/28 MP: 4/4
   238 | D:1      | Found a faded altar of an unknown god.
   509 | D:2      | Reached XP level 4. HP: 35/35 MP: 5/5
   540 | D:2      | Reached skill level 5 in Unarmed Combat
   738 | D:3      | Found a glowing golden altar of the Shining One.
   763 | D:3      | Reached XP level 5. HP: 22/40 MP: 6/6
   770 | D:3      | Reached skill level 6 in Unarmed Combat
   811 | D:3      | Noticed Robin
   832 | D:3      | Killed Robin
   833 | D:3      | Reached XP level 6. HP: 19/47 MP: 7/7
  1016 | D:3      | Reached skill level 5 in Shapeshifting
  1401 | D:3      | Found an iron altar of Okawaru.
  1403 | D:3      | Found a runed translucent door.
  1405 | D:3      | Noticed a centaur
  1407 | D:3      | Found the +0 toga "Victory" {*Victory Clar}
  1409 | D:3      | Became a worshipper of Warmaster Okawaru
  1462 | D:4      | Found a radiant altar of Vehumet.
  1468 | D:4      | Reached skill level 7 in Unarmed Combat
  1485 | D:4      | Reached XP level 7. HP: 21/52 MP: 8/8
  1570 | D:4      | Found a transporter.
  1606 | D:4      | Found a transporter.
  1819 | D:5      | Entered Level 5 of the Dungeon
  1878 | D:5      | Reached skill level 8 in Unarmed Combat
  1886 | D:5      | Reached * piety under Okawaru
  1915 | D:5      | Reached XP level 8. HP: 53/59 MP: 9/9
  2378 | D:6      | Reached skill level 9 in Unarmed Combat
  2382 | D:6      | You fall into a shaft and drop 1 floor!
  2666 | D:6      | Reached skill level 10 in Unarmed Combat
  2676 | D:6      | Noticed Maggie
  2684 | D:6      | Gained mutation: You passively map the area around you.
                  | [Meteoran growth]
  2684 | D:6      | Reached XP level 9. HP: 36/64 MP: 10/10
  2687 | D:6      | Killed Maggie
  2687 | D:6      | Reached ** piety under Okawaru
  2688 | D:6      | Reached skill level 11 in Unarmed Combat
  2691 | D:6      | HP: 1/96 [orc priest/divine providence (15)]
  2691 | D:6      | Slain by an orc

Illustrated notes

Levels and vault maps discovered:
D:1:      minmay_arrival_open_corners, layout_basic,
          dreamdust_ecumenical_altar_grove, serial_forest,
          infiniplex_forest_lined_room_2, infiniplex_forest_corner_2,
          infiniplex_forest_clump_double, infiniplex_forest_straight_2,
          infiniplex_forest_lined_room_2, infiniplex_forest_straight_3,
          infiniplex_forest_straight_5, infiniplex_forest_clump_cross,
          infiniplex_forest_lined_room_3, infiniplex_forest_lined_ring,
          hangedman_feature_mirror, minmay_misc_feat_x
D:2:      layout_rooms
D:3:      layout_loops_corners, nicolae_overflow_guarded_unrand_okawaru_victory,
          nicolae_tso_besieged_by_evil, uniq_robin
D:4:      layout_basic, nicolae_vehumet_radiance,
          gammafunk_ghost_abyssal_escape, minmay_mini_ossuary
D:5:      layout_loops_ring, nicolae_gozag_zags_fifth_avenue,
          lexackson_kobold_supper
D:6:      layout_basic, minmay_temple_entry_gardened_gates, serial_shops, shop,
          nicolae_shop_clearance, uniq_pikel, uniq_jeremiah, uniq_maggie
D:7:      layout_basic, ashenzari_conservatory_becter, fedhas_altar_3

Skill      XL: |  1  2  3  4  5  6  7  8  9 |
---------------+----------------------------+-----
Unarmed Combat | 4 5 6 7 8 10 11 | 11.0
Shapeshifting  | 4 5 6 7 |  7.7
Fighting       | |  1.1
Dodging        | |  2.1

Action                     |  1- 3 |  4- 6 |  7- 9 || total
---------------------------+-------+-------+-------++-------
  Melee: Unarmed           |    90 |   140 |   140 ||   370
         Punch             |     1 |     6 |     6 ||    13
    Use: Scroll            |       |       |    10 ||    10
         Potion            |       |       |     3 ||     3
 Armour: Animal skin       |    35 |    62 |    55 ||   152
         Skin              |       |       |    12 ||    12
  Dodge: Dodged            |    44 |    74 |    55 ||   173
   Form: Flux              |       |       |     1 ||     1

Table legend: (Time is in decaauts)
 A = Elapsed time spent in this place.
 B = Non-inter-level travel time spent in this place.
 C = Inter-level travel time spent in this place.
 D = Time resting spent in this place.
 E = Time spent auto-exploring this place.
 F = Levels seen in this place.
 G = Mean time per level.
                   A        B        C        D        E       F      G
               +--------+--------+--------+--------+--------+-----+--------+
         Total |   2644 |   2534 |    110 |      0 |   1705 |   7 |  377.7 |
       Dungeon |   2644 |   2534 |    110 |      0 |   1705 |   7 |  377.7 |
               +--------+--------+--------+--------+--------+-----+--------+

Top non-repeatable levels by time:
     D:3: 708 daAuts
     D:5: 544 daAuts
     D:1: 388 daAuts
     D:4: 352 daAuts
     D:2: 339 daAuts
     D:7: 260 daAuts
     D:6: 50 daAuts
